Workbook
Name Date: #REF!
Name lieu: #REF!
Name Nheures: #REF!
Name qui: #REF!

Sheet Juillet 15
A1: RAPPORT DE TRAVAIL 2015
H4: Mois | M4: Nom : …………………………………... | P4: Alain
H5: Juillet | M5: Prénom : ……………………………….
M6: Fonction : ……….………………………
B7: Absences | F7: Chantiers | T7: Totaux
B8: Fériés | C8: Vacances | D8: Maladie | E8: Demndes de Congés | F8: Step | G8: H2O Vouvry | H8: H2O Miex | I8: H2O Taney | J8: H2O Alpages | K8: Parcs et bâtiments | L8: Stap et Réseau EU | M8: Service Privé | N8: Séance | O8: Fontaines | P8: PGEE | Q8: Hydrantes
A18: Jour
A19: 42186 | F19: =SUMPRODUCT((lieu='Juillet 15'!F$8)*((Date)=$A19)*(qui=$P$4)*(Nheures)) -> #REF! | G19: =SUMPRODUCT((lieu='Juillet 15'!G$8)*((Date)=$A19)*(qui=$P$4)*(Nheures)) -> #REF! | H19: =SUMPRODUCT((lieu='Juillet 15'!H$8)*((Date)=$A19)*(qui=$P$4)*(Nheures)) -> #REF! | T19: =SUM(F19:S19) -> #REF!
A20: 42187 | F20: =SUMPRODUCT((lieu='Juillet 15'!F$8)*((Date)=$A20)*(qui=$P$4)*(Nheures)) -> #REF! | G20: =SUMPRODUCT((lieu='Juillet 15'!G$8)*((Date)=$A20)*(qui=$P$4)*(Nheures)) -> #REF! | H20: =SUMPRODUCT((lieu='Juillet 15'!H$8)*((Date)=$A20)*(qui=$P$4)*(Nheures)) -> #REF! | T20: =SUM(F20:S20) -> #REF!
A21: 42188 | F21: =SUMPRODUCT((lieu='Juillet 15'!F$8)*((Date)=$A21)*(qui=$P$4)*(Nheures)) -> #REF! | G21: =SUMPRODUCT((lieu='Juillet 15'!G$8)*((Date)=$A21)*(qui=$P$4)*(Nheures)) -> #REF! | H21: =SUMPRODUCT((lieu='Juillet 15'!H$8)*((Date)=$A21)*(qui=$P$4)*(Nheures)) -> #REF! | T21: =SUM(F21:S21) -> #REF!
A22: 42189 | F22: =SUMPRODUCT((lieu='Juillet 15'!F$8)*((Date)=$A22)*(qui=$P$4)*(Nheures)) -> #REF! | G22: =SUMPRODUCT((lieu='Juillet 15'!G$8)*((Date)=$A22)*(qui=$P$4)*(Nheures)) -> #REF! | H22: =SUMPRODUCT((lieu='Juillet 15'!H$8)*((Date)=$A22)*(qui=$P$4)*(Nheures)) -> #REF! | T22: =SUM(F22:S22) -> #REF!
A23: 42190 | F23: =SUMPRODUCT((lieu='Juillet 15'!F$8)*((Date)=$A23)*(qui=$P$4)*(Nheures)) -> #REF! | G23: =SUMPRODUCT((lieu='Juillet 15'!G$8)*((Date)=$A23)*(qui=$P$4)*(Nheures)) -> #REF! | H23: =SUMPRODUCT((lieu='Juillet 15'!H$8)*((Date)=$A23)*(qui=$P$4)*(Nheures)) -> #REF! | T23: =SUM(F23:S23) -> #REF!
A24: 42191 | F24: =SUMPRODUCT((lieu='Juillet 15'!F$8)*((Date)=$A24)*(qui=$P$4)*(Nheures)) -> #REF! | G24: =SUMPRODUCT((lieu='Juillet 15'!G$8)*((Date)=$A24)*(qui=$P$4)*(Nheures)) -> #REF! | H24: =SUMPRODUCT((lieu='Juillet 15'!H$8)*((Date)=$A24)*(qui=$P$4)*(Nheures)) -> #REF! | T24: =SUM(F24:S24) -> #REF!
A25: 42192 | F25: =SUMPRODUCT((lieu='Juillet 15'!F$8)*((Date)=$A25)*(qui=$P$4)*(Nheures)) -> #REF! | G25: =SUMPRODUCT((lieu='Juillet 15'!G$8)*((Date)=$A25)*(qui=$P$4)*(Nheures)) -> #REF! | H25: =SUMPRODUCT((lieu='Juillet 15'!H$8)*((Date)=$A25)*(qui=$P$4)*(Nheures)) -> #REF! | T25: =SUM(F25:S25) -> #REF!
A26: 42193 | F26: =SUMPRODUCT((lieu='Juillet 15'!F$8)*((Date)=$A26)*(qui=$P$4)*(Nheures)) -> #REF! | G26: =SUMPRODUCT((lieu='Juillet 15'!G$8)*((Date)=$A26)*(qui=$P$4)*(Nheures)) -> #REF! | H26: =SUMPRODUCT((lieu='Juillet 15'!H$8)*((Date)=$A26)*(qui=$P$4)*(Nheures)) -> #REF! | T26: =SUM(F26:S26) -> #REF!
A27: 42194 | F27: =SUMPRODUCT((lieu='Juillet 15'!F$8)*((Date)=$A27)*(qui=$P$4)*(Nheures)) -> #REF! | G27: =SUMPRODUCT((lieu='Juillet 15'!G$8)*((Date)=$A27)*(qui=$P$4)*(Nheures)) -> #REF! | H27: =SUMPRODUCT((lieu='Juillet 15'!H$8)*((Date)=$A27)*(qui=$P$4)*(Nheures)) -> #REF! | T27: =SUM(F27:S27) -> #REF!
A28: 42195 | F28: =SUMPRODUCT((lieu='Juillet 15'!F$8)*((Date)=$A28)*(qui=$P$4)*(Nheures)) -> #REF! | G28: =SUMPRODUCT((lieu='Juillet 15'!G$8)*((Date)=$A28)*(qui=$P$4)*(Nheures)) -> #REF! | H28: =SUMPRODUCT((lieu='Juillet 15'!H$8)*((Date)=$A28)*(qui=$P$4)*(Nheures)) -> #REF! | T28: =SUM(F28:S28) -> #REF!
A29: 42196 | F29: =SUMPRODUCT((lieu='Juillet 15'!F$8)*((Date)=$A29)*(qui=$P$4)*(Nheures)) -> #REF! | G29: =SUMPRODUCT((lieu='Juillet 15'!G$8)*((Date)=$A29)*(qui=$P$4)*(Nheures)) -> #REF! | H29: =SUMPRODUCT((lieu='Juillet 15'!H$8)*((Date)=$A29)*(qui=$P$4)*(Nheures)) -> #REF! | T29: =SUM(F29:S29) -> #REF!
A30: 42197 | F30: =SUMPRODUCT((lieu='Juillet 15'!F$8)*((Date)=$A30)*(qui=$P$4)*(Nheures)) -> #REF! | G30: =SUMPRODUCT((lieu='Juillet 15'!G$8)*((Date)=$A30)*(qui=$P$4)*(Nheures)) -> #REF! | H30: =SUMPRODUCT((lieu='Juillet 15'!H$8)*((Date)=$A30)*(qui=$P$4)*(Nheures)) -> #REF! | T30: =SUM(F30:S30) -> #REF!
... A49: 42216 | F49: =SUMPRODUCT((lieu='Juillet 15'!F$8)*((Date)=$A49)*(qui=$P$4)*(Nheures)) -> #REF! | G49: =SUMPRODUCT((lieu='Juillet 15'!G$8)*((Date)=$A49)*(qui=$P$4)*(Nheures)) -> #REF! | H49: =SUMPRODUCT((lieu='Juillet 15'!H$8)*((Date)=$A49)*(qui=$P$4)*(Nheures)) -> #REF! | T49: =SUM(F49:S49) -> #REF!
A50: Total | B50: =SUM(B19:B49) -> 0 | C50: =SUM(C19:C49) -> 0 | E50: =SUM(E19:E49) -> 0 | F50: =SUM(F19:F49) -> #REF! | G50: =SUM(G19:G49) -> #REF! | H50: =SUM(H19:H49) -> #REF! | I50: =SUM(I19:I49) -> 0 | J50: =SUM(J19:J49) -> 0 | K50: =SUM(K19:K49) -> 0 | L50: =SUM(L19:L49) -> 0 | ... R50: =SUM(R19:R49) -> 0 | T50: =SUM(T19:T49) -> #REF!
B51: Total vacances : | E51: =(B50+C50+E50) -> 0
B52: Heures contrat : | J52: Bonus : …………….. | P52: Visa :
B54: Heures rapport : | J54: Malus : …………….. | P54: ……….………………

Sheet entreedonnees
A1: Texte131 | B1: Date | C1: lieu | D1: type | E1: Description | F1: Nheures | G1: qui
B2: 42141 | C2: Vouvry | D2: Piscine | E2: Remise en service suite à panne flotteur | F2: 1.5 | G2: Roland
B3: 42142 | C3: Step | D3: Tamiseur compacteur | E3: Relevé et contrôle de fonctionnement | F3: 1 | G3: Alain
B4: 42142 | C4: Miex | D4: Réseau d'eau | E4: Recherche de fuite | F4: 3 | G4: Alain
B5: 42142 | C5: Step | D5: BEP | E5: Déblocage pompe et remise en service | F5: 1 | G5: Alain
B6: 42142 | C6: Vouvry | D6: Réseau d'eau | E6: Les Barges / Recherche tuyau | F6: 3.5 | G6: Alain
B7: 42142 | C7: Vouvry | D7: Piscine | E7: Relevé et contrôle de fonctionnement | F7: 1 | G7: Roland
B8: 42142 | C8: Miex | D8: Réseau d'eau | E8: Recherche de fuite | F8: 3 | G8: Roland
B9: 42142 | C9: Step | D9: BEP | E9: Déblocage pompe et remise en service | F9: 1 | G9: Roland
B10: 42142 | C10: Vouvry | D10: Réseau d'eau | E10: Contrôle vanne | F10: 3.5 | G10: Roland
B11: 42143 | C11: Step | D11: Tamiseur compacteur | E11: Relevé et contrôle de fonctionnement | F11: 1 | G11: Alain
B12: 42143 | C12: Step | D12: Canalisations d'entrée | E12: Echange moteur vanne auma et mise en service / Problème avec inverseur de phase | F12: 2.5 | G12: Alain
B13: 42143 | C13: Miex | D13: Réservoir | E13: Mise en place déhumidificateur / Contrôle javel | F13: 2.5 | G13: Alain
... B485: 42235 | C485: Commune | D485: test | E485: Transfert automatique feuilles d'heure | F485: 7 | G485: Rémy
